 Dungeon Crawl Stone Soup version 0.29.1-2-gbd0b4ee654 (webtiles) character file.

Game seed: 827421421940686218

395 BuzzyBeetle the Covered (level 6, -1/39 HPs)
             Began as a Gargoyle Fighter on Nov 6, 2022.
             Slain by an iguana (9 damage)
             ... on level 4 of the Dungeon.
             The game lasted 00:09:19 (4219 turns).

BuzzyBeetle the Covered (Gargoyle Fighter)          Turns: 4219, Time: 00:09:19

Health: -1/39      AC: 14    Str: 22    XL:     6   Next: 82%
Magic:  6/6        EV:  9    Int:  8    God:
Gold:   107        SH:  9    Dex:  9    Spells: 4/5 levels left

rFire   . . .      SeeInvis .   a - +0 flail
rCold   . . .      Faith    .   c - +0 buckler
rNeg    + . .      Spirit   .   b - +0 scale mail
rPois   ∞          Reflect  +   g - +0 helmet
rElec   +          Harm     .   (no cloak)
rCorr   .          Rampage  .   j - +0 pair of gloves
Will    .....                   (no boots)
Stlth   ..........              n - amulet of reflection
HPRegen 0.13/turn               (no ring)
MPRegen 0.10/turn               (no ring)

@: no status effects
A: sickness immunity, AC +4, negative energy resistance 1, electricity
resistance, torment resistance 1, petrification resistance
a: no special abilities


You were on level 4 of the Dungeon.
You visited 1 branch of the dungeon, and saw 5 of its levels.

You collected 107 gold pieces.

Inventory:

Hand Weapons
 a - a +0 flail (weapon)
 r - a +3 hand axe
 z - a +0 vampiric hand axe
Missiles
 w - 3 poisoned darts (quivered)
Armour
 b - a +0 scale mail (worn)
 c - a +0 buckler (worn)
 g - a +0 helmet (worn)
 j - a +0 pair of gloves (worn)
Magical Staves
 x - a staff of conjuration
Jewellery
 n - an amulet of reflection (around neck)
 B - a ring of fire
Wands
 f - a wand of digging (7)
 t - a wand of polymorph (4)
Scrolls
 e - a scroll of magic mapping {unknown}
 i - a scroll of amnesia
 o - a scroll of enchant weapon {unknown}
 p - a scroll of fog {unknown}
 q - 3 scrolls of teleportation
 v - a scroll of silence
 y - a scroll of enchant armour {unknown}
 A - a scroll of torment {unknown}
 C - a scroll of brand weapon {unknown}
 E - a scroll of poison {unknown}
Potions
 h - a potion of brilliance {unknown}
 k - 3 potions of heal wounds
 l - 2 potions of flight {unknown}
 m - a potion of haste {unknown}
 s - 3 potions of mutation
 u - 2 potions of attraction {unknown}
 D - a potion of lignification {unknown}


   Skills:
 + Level 4.3 Fighting
 + Level 4.5 Maces & Flails
 + Level 0.5 Throwing
 + Level 4.8 Armour
 + Level 1.0 Dodging
 + Level 0.3 Stealth
 + Level 4.3 Shields


You had 4 spell levels left.
You knew the following spells:

 Your Spells              Type           Power      Damage    Failure   Level
a - Foxfire               Conj/Fire      0%         2x1d4     80%         1

Your spell library contained the following spells:

 Spells                   Type           Power      Damage    Failure   Level
 Slow                     Hex            0%         N/A       80%         1
 Ensorcelled Hibernation  Hex/Ice        0%         N/A       91%         2
 Confusing Touch          Hex            0%         N/A       99%         3
 Conjure Flame            Conj/Fire      0%         6-21      99%         3
 Inner Flame              Hex/Fire       0%         N/A       99%         3
 Vampiric Draining        Necr           0%         2d6       99%         3
 Flame Wave               Conj/Fire      0%         2d4       100%        4
 Metabolic Englaciation   Hex/Ice        0%         N/A       100%        5
 Starburst                Conj/Fire      0%         6d3       100%        6


Dungeon Overview and Level Annotations

Branches:
Dungeon (5/15)
 Temple: D:4-7

Altars:
Dithmenos

Annotations:
D:5 Pikel


Innate Abilities, Weirdness & Mutations

You are immune to sickness and miasma.
Your stone body is resilient. (AC +4)
You are immune to poison.
You resist negative energy. (rN+)
You are resistant to electric shocks. (rElec)
You are resistant to unholy torment.
You are immune to petrification.


Message History

You block the scorpion's attack.
The iguana bites you but does no damage.
You hit the scorpion but do no damage.
You hear the hiss of a very distant avalanche of sand.
The scorpion stings you but does no damage.
The iguana bites you. You block the scorpion's attack.
The iguana bites you but does no damage.
A wight comes into view. It is wielding a +0 mace.
You barely miss the scorpion. The scorpion barely misses you.
The iguana bites you.
You barely miss the scorpion.
The scorpion stings you but does no damage.
The iguana bites you but does no damage.
You block the scorpion's attack.
You hit the scorpion.
The scorpion is moderately wounded.
The iguana bites you but does no damage.
The scorpion stings you.
You barely miss the scorpion.
The scorpion is moderately wounded.
The scorpion stings you but does no damage.
You block the iguana's attack.
The scorpion stings you but does no damage.
The iguana misses you. The iguana attacks as you move away!
The iguana bites you but does no damage.
The iguana attacks as you move away! The iguana bites you!
* * * LOW HITPOINT WARNING * * *
There is a shadowy altar of Dithmenos here.
The iguana attacks as you move away! You block the iguana's attack.
The iguana attacks as you move away! The iguana bites you.
* * * LOW HITPOINT WARNING * * *
There is a stone staircase leading up here.
Okay, then.
The iguana bites you but does no damage.
You climb upwards.
There is a stone staircase leading down here.
You completely miss the iguana. The iguana barely misses you.
The iguana bites you!
You die...

..## #..##..### ...##
#.###### ....# ##.# ....##
#.## .....# #.# .....#
##.# .....# #.#########
....## ##.##.....l## ....#
#........@..## ...##
#<...........## ...#
##.............##
..#####...............##
.)..)............[.....##
#####...................##
# ###.............)....#
#..................#
##................##


You could see an iguana.

Vanquished Creatures
  A phantom (D:4)
  2 lemures
  A wight (D:5)
  4 orc priests
  Jessica (D:2)
  An iguana (D:4)
  4 gnolls (D:4)
  2 dart slugs
  5 orcs
  8 endoplasms
  A giant cockroach (D:1)
  7 goblins
  3 hobgoblins
  A jackal (D:2)
  5 kobolds
  A quokka (D:5)
  2 ball pythons
  9 bats
  A frilled lizard (D:1)
  5 rats
64 creatures vanquished.

Notes
Turn   | Place    | Note
-------+----------+-------------------------------------------
     0 | D:1      | BuzzyBeetle the Gargoyle Fighter began the quest for the
                  | Orb.
     0 | D:1      | Reached XP level 1. HP: 14/14 MP: 1/1
   227 | D:1      | Reached XP level 2. HP: 19/19 MP: 2/2
   787 | D:2      | Found a faded altar of an unknown god.
   953 | D:2      | Noticed Jessica
   961 | D:2      | Killed Jessica
   962 | D:2      | Reached XP level 3. HP: 24/24 MP: 3/3
  1718 | D:3      | Reached XP level 4. HP: 29/29 MP: 4/4
  2200 | D:3      | Got Qotiuxt's Codex of Shivering Pyromania
  2534 | D:3      | Learned a level 1 spell: Foxfire
  2605 | D:4      | Reached XP level 5. HP: 24/33 MP: 5/5
  2722 | D:4      | Noticed a phantom
  3120 | D:4      | Killed a phantom
  3128 | D:4      | Reached XP level 6. HP: 6/38 MP: 6/6
  3999 | D:5      | Entered Level 5 of the Dungeon
  4029 | D:5      | Reached skill level 1 in Dodging
  4029 | D:5      | Noticed Pikel
  4180 | D:5      | Found a shadowy altar of Dithmenos.
  4219 | D:4      | Slain by an iguana

Illustrated notes

Levels and vault maps discovered:
D:1:      dpeg_arrival_chambers_temple_mockup, layout_basic,
          minmay_split_cup_large
D:2:      minmay_razor_zed, layout_loops_ring,
          dreamdust_ecumenical_altar_hidden_monk_grotto, uniq_jessica
D:3:      layout_loops_ring
D:4:      layout_cave_pods
D:5:      layout_cave_pods, grunt_dithmenos_smoke_and_mirrors,
          serial_column_ruins, column_ruins_open_tiny, column_ruins_open_large,
          column_ruins_open_small, column_ruins_open_tiny, column_ruins_grid_3,
          column_ruins_columns_straight, nicolae_ossuary_entry_giza, hex_large,
          uniq_pikel

Skill      XL: |  1  2  3  4  5  6 |
---------------+-------------------+-----
Armour         | 4 |  4.8
Maces & Flails | 3 4 |  4.5
Shields        | 4 |  4.3
Fighting       | 4 |  4.3
Dodging        | 1 |  1.0
Throwing       | |  0.5
Stealth        | |  0.3

Action                   |  1- 3 |  4- 6 || total
-------------------------+-------+-------++-------
Melee: Flail             |    74 |   174 ||   248
       Unarmed           |     2 |       ||     2
Throw: Dart              |       |     6 ||     6
  Use: Scroll            |     3 |     3 ||     6
       Potion            |       |     2 ||     2
Armor: Scale mail        |    55 |    85 ||   140
Dodge: Dodged            |    41 |    61 ||   102
Block: Buckler           |    35 |    82 ||   117
